AoeStats
← RespectTheRussell

Arabia

510225816Analyzed
1v1 RM · 21h ago on Sep 30, 2026· 52m 26s· 2 players
Game mode
Random Map
Map size
Tiny (2 player)
Population
200
Speed
Normal
Resources
Standard
Victory
Conquest
Starting age
Dark Age
Ending age
Imperial Age
RankedLock teamsTeams togetherTeam positionsShared explorationLock speedFull tech treeHidden civsTurbo modeCheats
Victory
Defeat
🇺🇸 Lithuanians · United States
1306
+15
🇨🇳 Spanish · China
1291
-15
zx1996
9:16 Feudal Age
9:08 Loom
9:46 Double-Bit Axe
18:34 Castle Age
18:11 Horse Collar
22:25 Bow Saw
22:24 Gold Mining
24:36 Husbandry
26:08 Padded Archer Armor
27:57 Bloodlines
30:59 Leather Archer Armor
32:55 Wheelbarrow
33:25 Light Cavalry
34:35 Scale Barding Armor
41:05 Imperial Age
39:53 Hand Cart
39:24 Town Watch
40:05 Chain Barding Armor
41:18 Stone Mining
42:17 Ring Archer Armor
42:24 Plate Barding Armor
42:18 Conscription
43:58 Hussar
44:27 Elite Conquistador
45:24 Heavy Plow
45:58 Forging
RespectTheRussell
5:54 Loom
8:51 Feudal Age
9:25 Double-Bit Axe
18:34 Castle Age
17:35 Wheelbarrow
16:43 Horse Collar
17:11 Scale Barding Armor
17:10 Gold Mining
17:50 Bloodlines
20:30 Wheelbarrow
20:28 Chain Barding Armor
21:47 Fletching
21:57 Padded Archer Armor
22:31 Bodkin Arrow
22:43 Town Watch
23:27 Elite Skirmisher
25:12 Leather Archer Armor
25:35 Heavy Plow
30:09 Ballistics
35:45 Imperial Age
36:34 Bracer
38:13 Chemistry
40:32 Cavalier
42:04 Plate Barding Armor
42:09 Ring Archer Armor
43:36 Thumb Ring
44:49 Conscription
44:33 Tower Shields
44:54 Conscription
45:42 Bow Saw
46:03 Crop Rotation
47:34 Stone Mining
Connection lost

Rejoining the realm…

Still unreachable

The connection could not be restored.

Session expired

The server has moved on; the page needs a fresh start.